 Dungeon Crawl Stone Soup version 0.29-a0-80-g3050e97935 (webtiles) character file.

Game seed: 11990963301187563894

93 Gargoyl the Skirmisher (level 4, -1/29 HPs)
             Began as a Gargoyle Abyssal Knight on Feb 4, 2022.
             Was a Follower of Lugonu.
             Slain by dricus's ghost (16 damage)
             ... on level 3 of the Dungeon.
             The game lasted 00:02:36 (3893 turns).

Gargoyl the Skirmisher (Gargoyle Abyssal Knight)    Turns: 3893, Time: 00:02:36

Health: -1/29      AC:  7    Str: 28    XL:     4   Next: 62%
Magic:  5/5        EV: 10    Int: 11    God:    Lugonu [*.....]
Gold:   119        SH:  7    Dex: 15    Spells: 3/3 levels left

rFire   . . .      SeeInvis .   h - +3 whip of Meesk {freeze, Str+10 Dex+5}
rCold   . . .      Faith    .   d - +0 kite shield
rNeg    + . .      Spirit   .   b - +0 leather armour
rPois   ∞          Reflect  .   (no helmet)
rElec   +          Harm     .   (no cloak)
rCorr   .          Rampage  .   (no gloves)
Will    .....                   (no boots)
Stlth   +.........              (no amulet)
HPRegen 0.09/turn               (no ring)
MPRegen 0.09/turn               (no ring)

@: no status effects
A: sickness immunity, AC +3, negative energy resistance 1, electricity
resistance, torment resistance 1, petrification resistance
a: Renounce Religion, Depart the Abyss


You were on level 3 of the Dungeon.
You worshipped Lugonu.
Lugonu was aware of your devotion.
You visited 1 branch of the dungeon, and saw 3 of its levels.
You visited the Abyss 1 time.

You collected 119 gold pieces.

Inventory:

Hand Weapons
 a - a +1 hand axe
 e - a +0 war axe
 h - the +3 whip of Meesk (weapon) {freeze, Str+10 Dex+5}
   (You found it on level 2 of the Dungeon)

   It freezes those it strikes, dealing additional cold damage.
   It can also slow down cold-blooded creatures.
   Str:       It affects your strength (+10).
   Dex:       It affects your dexterity (+5).
Armour
 b - a +0 leather armour (worn)
 d - a +0 kite shield (worn)
Scrolls
 f - 2 scrolls of teleportation
 g - a scroll of blinking {unknown}
 i - a scroll of amnesia {unknown}
 k - 3 scrolls of identify
Potions
 c - 2 potions of curing
 j - 2 potions of lignification {unknown}


   Skills:
 + Level 3.8 Fighting
 + Level 2.8 Axes
 + Level 0.4(2.0) Maces & Flails
 + Level 3.1 Armour
 + Level 1.3 Dodging
 + Level 0.2 Stealth
 + Level 0.5 Shields
 + Level 2.1 Invocations


You had 3 spell levels left.
You didn't know any spells.
Your spell library contained the following spells:

 Spells                   Type           Power      Damage    Failure   Level
 Foxfire                  Conj/Fire      0%         2x1d4     80%         1
 Ensorcelled Hibernation  Hex/Ice        0%         N/A       91%         2
 Conjure Flame            Conj/Fire      0%         6-21      99%         3
 Ignite Poison            Fire/Tmut/Pois 0%         N/A       99%         3
 Inner Flame              Hex/Fire       0%         N/A       99%         3
 Spider Form              Tmut/Pois      0%         N/A       99%         3
 Anguish                  Hex/Necr       0%         N/A       100%        4
 Flame Wave               Conj/Fire      0%         2d4       100%        4
 Sticky Flame             Conj/Fire      0%         2d3       100%        4


Dungeon Overview and Level Annotations

Branches:
Dungeon (3/15)

Altars:
Dithmenos
Elyvilon
Fedhas
Vehumet
Wu Jian

Annotations:
D:3 dricus's ghost, amateur HOFi


Innate Abilities, Weirdness & Mutations

You are immune to sickness and miasma.
Your stone body is resilient. (AC +3)
You are immune to poison.
You resist negative energy. (rN+)
You are resistant to electric shocks. (rElec)
You are resistant to unholy torment.
You are immune to petrification.


Message History

A quokka is nearby!
A quokka is nearby!
A quokka is nearby!
The quokka closely misses you.
You barely miss the quokka. You block the quokka's attack. x2
You barely miss the quokka. The quokka bites you.
You completely miss the quokka.
The quokka bites you but does no damage.
You block the quokka's attack.
You hit the quokka. You freeze the quokka.
You kill the quokka!
Lugonu accepts your kill.
You see here a quokka corpse.
You enter the shallow water.
Moving in this stuff is going to be slow.
Done exploring.
Done exploring.
Done exploring.
You see here 12 arrows.
Dricus's ghost turns its malevolent gaze towards you.
As you open the gate, it creaks loudly!
You hit dricus's ghost. You freeze dricus's ghost.
Dricus's ghost is lightly damaged.
Dricus's ghost says, "Try not to bleed too much."
You block dricus's ghost's attack.
You hit dricus's ghost. You freeze dricus's ghost.
Dricus's ghost is moderately damaged.
You block dricus's ghost's attack.
You hit dricus's ghost. You freeze dricus's ghost.
Dricus's ghost is heavily damaged.
Dricus's ghost hits you.
You hit dricus's ghost. You freeze dricus's ghost.
Dricus's ghost is heavily damaged.
Dricus's ghost hits you!
Dricus's ghost hits you but does no damage.
You hit dricus's ghost but do no damage.
Dricus's ghost is heavily damaged.
Dricus's ghost hits you!
Ouch! That really hurt!
You die...

####.#.#####.#.#..###.# #.
........#############.# #.
###.........#...(.(.#.# #. #
##.#..#####♣(.....### ########. #
###..#####....(..#####........ #
#......#..(....#<.....#####. #
##.(....#(....(.#####.## #.
#####.......###'W'### ### #.
...........#....@...# #.
.#.#.#.#.#.#........# #.
...........#####..### #.
.⌠.....⌠...#####..##### ########.
...._.................###........
.⌠.....⌠....####..........#######
............# ##.###.###########
.#.#.#.#.#..# #................
............#####.###.).....>...#


You could see dricus's ghost.

Vanquished Creatures
  3 adders
  A white imp (D:3)
  3 dart slugs
  An orc (D:3)
  3 ball pythons
  2 endoplasms
  3 giant cockroaches
  3 hobgoblins
  5 jackals
  2 kobolds
  6 quokkas
  6 bats
  4 frilled lizards
  3 goblins
  6 rats
51 creatures vanquished.

Notes
Turn   | Place    | Note
-------+----------+-------------------------------------------
     0 | Abyss:1  | Gargoyl the Gargoyle Abyssal Knight began the quest for the
                  | Orb.
     0 | Abyss:1  | Reached XP level 1. HP: 14/14 MP: 2/2
    50 | Abyss:1  | Noticed a large abomination
    51 | D:1      | Escaped the Abyss
   379 | D:1      | Reached XP level 2. HP: 18/19 MP: 3/3
  1174 | D:1      | Reached XP level 3. HP: 24/24 MP: 4/4
  1271 | D:1      | Reached skill level 1 in Dodging
  1505 | D:2      | Found a radiant altar of Vehumet.
  1767 | D:2      | Reached * piety under Lugonu
  1995 | D:2      | Found a faded altar of an unknown god.
  2223 | D:2      | Identified the +3 whip of Meesk {freeze, Str+10 Dex+5}
  2824 | D:3      | Reached XP level 4. HP: 29/29 MP: 5/5
  2828 | D:3      | Found a radiant altar of Vehumet.
  2835 | D:3      | Found a blossoming altar of Fedhas.
  2838 | D:3      | Found an ornate altar of the Wu Jian Council.
  2838 | D:3      | Found a shadowy altar of Dithmenos.
  3310 | D:3      | Found a white marble altar of Elyvilon.
  3345 | D:3      | Found a runed translucent gate.
  3345 | D:3      | Found a runed translucent gate.
  3346 | D:3      | Found a runed translucent gate.
  3631 | D:3      | Noticed dricus's ghost (amateur HOFi)
  3893 | D:3      | Slain by dricus's ghost

Illustrated notes

Levels and vault maps discovered:
D:1:      nzn_arrival_settlement, layout_loops_corners, serial_aquarium,
          aquarium_bridge_island_small [aquarium_subvault_small_open,
          aquarium_subvault_wall, aquarium_subvault_bridge,
          aquarium_subvault_balcony, aquarium_subvault_bridge],
          aquarium_window_2, aquarium_window_fake, aquarium_view_2c,
          aquarium_pool_split, serial_bayou_ford_a, minmay_tetromino_s2
D:2:      layout_basic, basic_altar, dilly_ecumenical_altar_fadedgnrine,
          chequers_serial_rivers_micro_e
D:3:      layout_loops_ring, grunt_temple_overflow_open, elyvilon_altar_5,
          ebering_ghost_rock_garden, minivault_4, kennysheep_generic_room_5

Skill      XL: |  1  2  3 |
---------------+----------+-----
Axes           | 2 |  2.8
Dodging        | 1 |  1.3
Armour         | 3 |  3.1
Fighting       | |  3.8
Maces & Flails | |  0.4
Stealth        | |  0.2
Shields        | |  0.5
Invocations    | |  2.1

Action                   |  1- 3 |  4- 6 || total
-------------------------+-------+-------++-------
Melee: Hand axe          |    83 |       ||    83
       Whip              |    10 |    45 ||    55
Invok: Depart the Abyss  |     1 |       ||     1
  Use: Scroll            |     4 |       ||     4
Armor: Leather armour    |    54 |    16 ||    70
Dodge: Dodged            |    95 |     9 ||   104
Block: Kite shield       |    16 |    18 ||    34

Table legend: (Time is in decaauts)
 A = Elapsed time spent in this place.
 B = Non-inter-level travel time spent in this place.
 C = Inter-level travel time spent in this place.
 D = Time resting spent in this place.
 E = Time spent auto-exploring this place.
 F = Levels seen in this place.
 G = Mean time per level.
                   A        B        C        D        E       F      G
               +--------+--------+--------+--------+--------+-----+--------+
         Total |   3935 |   3856 |     79 |      0 |   3342 |   4 |  983.8 |
       Dungeon |   3884 |   3805 |     79 |      0 |   3292 |   3 | 1294.7 |
         Abyss |     51 |     51 |      0 |      0 |     50 |   1 |   51.0 |
               +--------+--------+--------+--------+--------+-----+--------+

Top non-repeatable levels by time:
     D:1: 1401 daAuts
     D:2: 1398 daAuts
     D:3: 1084 daAuts
 Abyss:1: 51 daAuts
